 Dungeon Crawl Stone Soup version 0.31.0-9-g3a7656b989 (webtiles) character file.

Game seed: 5392186992139606912

86376 Doomgape the Carver (level 15, -39/231 HPs)
             Began as a Troll Berserker on Feb 1, 2024.
             Was a High Priest of Trog.
             Annihilated by an orc warlord
             ... wielding a +0 halberd
              (48 damage)
             ... on level 2 of the Orcish Mines on Feb 3, 2024.
             The game lasted 01:18:32 (18543 turns).

Doomgape the Carver (Troll Berserker)              Turns: 18543, Time: 01:18:33

Health: -39/231    AC: 13    Str: 35    XL:     15   Next: 40%
Magic:  12/12      EV: 10    Int:  5    God:    Trog [*****.]
Gold:   2749       SH: 14    Dex: 12    Spells: 14/14 levels left

rFire   + . .        E - +11 Singing Sword {sonic wave}
rCold   + . .        m - +2 kite shield {reflect}
rNeg    . . .        G - +3 troll leather armour {Snorg}
rPois   +            I - +1 hat {Stlth+}
rElec   .            O - scarf {rC+ rF+}
rCorr   .            (gloves unavailable)
SInv    .            (boots unavailable)
Will    +....        A - amulet of the Growing Gods {Reflect Str+2 Dex+3 SH+5 Stlth-} Stlth
                     b - +4 ring of protection
HPRegen 2.18/turn    Q - ring of poison resistance
MPRegen 0.13/turn

%: random rage (3%), reflection
@: berserking, very quick
A: large, unfitting armour, claws 3, regeneration 1, shaggy fur 1, tough skin 1,
berserk 1, low MP 1, wild magic 1
a: Renounce Religion, Berserk, Trog's Hand, Brothers in Arms


You were on level 2 of the Orcish Mines.
You worshipped Trog.
Trog was extremely pleased with you.
You visited 4 branches of the dungeon, and saw 21 of its levels.
You also visited: Bailey.

You collected 2749 gold pieces.

Inventory:

Hand Weapons
 E - the +11 Singing Sword (weapon) {sonic wave}
   (You found it on level 10 of the Dungeon)
 T - a +1 demon blade of flaming
 V - a +3 antimagic great sword
Missiles
 l - 21 throwing nets (quivered)
 H - 7 large rocks
Armour
 m - a +2 kite shield of reflection (worn)
 G - a +3 troll leather armour (worn) {Snorg}
 I - a +1 hat of stealth (worn)
 O - a scarf of resistance (worn)
Jewellery
 a - an amulet of guardian spirit
 b - a +4 ring of protection (left claw)
 p - a ring of fire
 A - the amulet of the Growing Gods (around neck) {Reflect Str+2 Dex+3 SH+5 Stlth-}
   (You found it in a bailey)

   [amulet of reflection]

   Reflect:   It reflects blocked missile attacks.
   Str+2:     It affects your strength (+2).
   Dex+3:     It affects your dexterity (+3).
   SH+5:      It affects your SH (+5).
   Stlth-:    It makes you less stealthy.
 C - a ring of positive energy
 Q - a ring of poison resistance (right claw)
Talismans
 e - a maw talisman
 v - a blade talisman
Wands
 i - a wand of charming (23)
 j - a wand of polymorph (17)
 s - a wand of flame (26)
 t - a wand of digging (3)
 x - a wand of mindburst (26)
 y - a wand of light (16)
 S - a wand of roots (6)
Scrolls
 c - 5 scrolls of identify
 n - 3 scrolls of enchant armour
 w - a scroll of immolation
 B - 4 scrolls of teleportation
 D - 3 scrolls of fog
 F - a scroll of revelation
 J - 2 scrolls of enchant weapon
 N - a scroll of poison
 P - a scroll of brand weapon
Potions
 d - 3 potions of haste
 f - a potion of enlightenment
 g - 4 potions of curing
 h - 3 potions of lignification
 k - 3 potions of cancellation
 o - a potion of berserk rage
 q - 2 potions of ambrosia
 r - a potion of resistance
 z - 2 potions of might
 K - 4 potions of heal wounds
 M - 4 potions of attraction


   Skills:
 + Level 11.2 Fighting
 + Level 13.1 Long Blades
 - Level 7.2 Armour
 - Level 6.1 Dodging
 - Level 12.1 Unarmed Combat
 - Level 11.0 Shapeshifting


You had 14 spell levels left.
You didn't know any spells.
Your spell library was empty.

Dungeon Overview and Level Annotations

Branches:
Dungeon (13/15)            Temple (1/1) D:4            Lair (5/5) D:11
  Swamp (0/4) Lair:2       Spider (0/4) Lair:3        Slime (0/5) Lair:5
    Orc (2/2) D:10            Elf (0/3) Orc:2        Vaults (0/5) D:13
 Bailey (visited)

Altars:
Ashenzari
Cheibriados
Dithmenos
Elyvilon
Fedhas
Gozag
Hepliaklqana
Kikubaaqudgha
Makhleb
Nemelex Xobeh
Okawaru
Qazlal
Ru
Sif Muna
Trog
Uskayaw
Vehumet
Wu Jian
Xom
Yredelemnul
Zin
The Shining One
Jiyva

Shops:
D:3 *


Innate Abilities, Weirdness & Mutations

You are too large for most types of armour.
You have claws for hands.
Your natural rate of healing is unusually fast.
You are covered in fur. (AC +1)
You have tough skin. (AC +1)
You sometimes lose your temper in combat.
Your magical capacity is low. (-10% MP)
Your spells are a little harder to cast, but a little more powerful.


Message History

Your skin stops crawling.
You feel less strong-willed.
Unknown command.
You hit the orc warrior.
The orc warrior is severely wounded.
You block the orc warlord's attack.
Unknown command.
Unknown command.
You barely miss the orc warrior.
The orc warrior is severely wounded.
Unknown command.
Unknown command.
You barely miss the orc warrior.
The orc warrior is severely wounded.
The orc warrior hits you with a +0 battleaxe!!
* * * LOW HITPOINT WARNING * * *
You block the orc warlord's attack.
Unknown command.
Unknown command.
You slice the orc warrior!!
The Singing Sword chimes like a gong.
You send a blast of sound all around you.
You kill the orc!
Trog accepts your kill.
You kill the orc warrior!
Trog accepts your kill.
The orc warlord hits you from afar with a +0 halberd!!
* * * LOW HITPOINT WARNING * * *
Unknown command.
You are too berserk!
You slash the orc warrior!
You kill the orc warrior!
Trog accepts your kill.
Unknown command.
Unknown command.
Unknown command.
Unknown command.
You are too berserk!
You feel a strong urge to attack something.
The orc warlord hits you with a +0 halberd!!!
You die...

.......###)#................##...
.....)#.##.#.......##.##...##.#..
$......)..........#######........
##..#.....#..####.#.###..........
####8...8#### #................
#.....# #........ ....... #.....#
##........ .... #....o#
##.)...#... .... ....... #.@)..##
.. #... ..#####o)..# . ##..
o.o.8o)$).## #.. oo.ooo))....#
##. ....o..).....# ##
...)........## # ..).8.......# #.
..#####...^.# ... .. .....## ...


You could see an orc warlord (strong).

Vanquished Creatures
  Gastronok (D:12)
  Donald (Orc:2)
  An orc warlord (Orc:2)
  An ironbound preserver (D:13)
  Nessos (Lair:3)
  Snorg (D:11)
  The ghost of snadeaben the Grappler, a journeyman TrFi of Wu Jian (D:11)
  Fannar (Lair:3)
  The ghost of beef the Frost Mage, a journeyman MfIE of Ashenzari (Lair:3)
  4 hydras
  A catoblepas (D:13)
  An alligator (Lair:1)
  5 centaur warriors (D:13)
  Erica (D:10)
  Harold (D:11)
  8 death yaks (Lair:5)
  A two-headed ogre (D:9)
  2 tengu warriors (D:13)
  Nergalle (D:11)
  An orc high priest (Orc:2)
  2 skysharks
  Sonja (Lair:1)
  A bog body (Lair:2)
  4 deep elf pyromancers
  4 ugly things (D:13)
  3 orc knights (Orc:2)
  2 orc sorcerers (Orc:2)
  2 cyclopes
  Maurice (D:12)
  4 manticores
  24 elephants
  A kobold blastminer (Orc:1)
  6 black mambas
  6 cane toads
  2 gargoyles
  7 rime drakes
  A rime drake (shapeshifter) (D:13)
  7 komodo dragons
  An efreet (D:13)
  6 polar bears
  7 trolls
  26 blink frogs
  6 hornets
  Grinder (D:6)
  17 dream sheep
  A slime creature (D:13)
  A shadow (D:10)
  11 spriggans
  A jumping spider (Lair:3)
  5 wyverns
  39 yaks
  3 vampires
  7 wraiths
  11 basilisks
  A steam dragon (Lair:1)
  5 vampire mosquitoes (D:13)
  3 wargs (Orc:2)
  A redback (Lair:3)
  A swamp worm (Lair:2)
  Edmund (D:4)
  A hydra simulacrum (Lair:3)
  4 acid dragons
  11 water moccasins
  3 ice beasts
  24 orc warriors
  7 black bears
  A sky beast (D:7)
  A boulder beetle simulacrum (Lair:3)
  24 wolves
  5 ogres
  5 boggarts (Lair:5)
  3 centaurs
  A phantom (D:5)
  3 kobold brigands
  13 bullfrogs
  9 gnoll sergeants
  9 scorpions
  6 killer bees (D:9)
  An elephant simulacrum (Lair:3)
  7 howler monkeys
  3 bombardier beetles
  3 electric eels
  2 komodo dragon simulacra (Lair:3)
  3 jellies
  9 orc priests
  Crazy Yiuf (D:6)
  7 hounds
  5 gnoll boudas
  5 iguanas
  16 orc wizards
  A polar bear simulacrum (Lair:3)
  7 hell rats
  A basilisk simulacrum (Lair:3)
  30 gnolls
  5 adders
  9 river rats (Lair:5)
  3 white imps
  2 ribbon worms
  3 dart slugs
  51 orcs
  7 ball pythons
  5 endoplasms
  A giant cockroach (D:3)
  8 goblins
  7 hobgoblins
  5 jackals
  4 quokkas
  7 bats
  8 frilled lizards
  14 kobolds
  5 rats
  A butterfly (Lair:3)
644 creatures vanquished.

Vanquished Creatures (others)
  An unseen horror (D:13)
  A blink frog (Lair:5)
  An orc priest (Orc:2)
3 creatures vanquished.

Grand Total: 647 creatures vanquished

Notes
Turn   | Place    | Note
-------+----------+-------------------------------------------
     0 | D:1      | Doomgape the Troll Berserker began the quest for the Orb.
     0 | D:1      | Reached XP level 1. HP: 22/22 MP: 0/0
     6 | D:1      | Noticed a boulder beetle
     6 | D:1      | Noticed a black mamba
     6 | D:1      | Noticed a wyvern
     7 | D:1      | Noticed a hound
     7 | D:1      | Noticed a polar bear
   109 | D:1      | Reached XP level 2. HP: 29/29 MP: 1/1
   571 | D:1      | Reached ** piety under Trog
   728 | D:2      | Reached XP level 3. HP: 37/37 MP: 2/2
   741 | D:2      | Found an ancient bone altar of Kikubaaqudgha.
  1497 | D:3      | Reached XP level 4. HP: 45/45 MP: 3/3
  1545 | D:3      | Found a faded altar of an unknown god.
  1638 | D:3      | Found Lofen's General Store.
  1759 | D:3      | Reached XP level 5. HP: 51/54 MP: 4/4
  1838 | D:3      | Found a glowing golden altar of the Shining One.
  1861 | D:3      | Identified the +0 cloak of Biguk {rF+ rC- rN++}
  1953 | D:3      | Found a sparkling altar of Nemelex Xobeh.
  2263 | D:4      | Reached skill level 5 in Unarmed Combat
  2451 | D:4      | Found a staircase to the Ecumenical Temple.
  2463 | D:4      | Noticed Edmund
  2480 | D:4      | Killed Edmund
  2481 | D:4      | Reached XP level 6. HP: 63/63 MP: 5/5
  2489 | Temple   | Entered the Ecumenical Temple
  2931 | D:5      | Entered Level 5 of the Dungeon
  2978 | D:5      | Reached *** piety under Trog
  3233 | D:5      | Reached skill level 5 in Fighting
  3233 | D:5      | Reached XP level 7. HP: 71/72 MP: 6/6
  3673 | D:5      | Found a shadowy altar of Dithmenos.
  4080 | D:6      | Reached XP level 8. HP: 82/83 MP: 7/7
  4145 | D:6      | Noticed Grinder
  4153 | D:6      | Killed Grinder
  4185 | D:6      | Noticed a troll
  4196 | D:6      | Killed a troll
  4538 | D:6      | Found a runed translucent door.
  4539 | D:6      | Noticed Crazy Yiuf
  4545 | D:6      | Killed Crazy Yiuf
  4690 | D:7      | Reached XP level 9. HP: 93/93 MP: 8/8
  4876 | D:7      | Reached **** piety under Trog
  5251 | D:7      | Noticed a deep elf pyromancer
  5251 | D:7      | Noticed a deep elf pyromancer
  5261 | D:7      | Reached skill level 1 in Shapeshifting
  5269 | D:7      | Killed a deep elf pyromancer
  5270 | D:7      | Reached skill level 10 in Unarmed Combat
  5291 | D:7      | Killed a deep elf pyromancer
  5292 | D:7      | Reached XP level 10. HP: 21/104 MP: 9/9
  5418 | D:7      | Noticed a deep elf pyromancer
  5433 | D:7      | Killed a deep elf pyromancer
  5512 | D:8      | Identified the +7 quarterstaff of Abomination {speed, rF-
                  | rCorr Dex+3}
  6373 | D:9      | Reached skill level 5 in Dodging
  6419 | D:9      | Found a hazy altar of Hepliaklqana.
  6530 | D:9      | Noticed a two-headed ogre
  6540 | D:9      | Killed a two-headed ogre
  6648 | D:9      | Reached skill level 5 in Shapeshifting
  7091 | D:10     | Entered Level 10 of the Dungeon
  7091 | D:10     | Found a flagged portal.
  7171 | D:10     | Reached XP level 11. HP: 60/111 MP: 10/10
  7193 | Bailey   | Entered a bailey
  7525 | Bailey   | Identified the amulet of the Growing Gods {Reflect Str+2
                  | Dex+3 SH+5 Stlth-}
  7757 | D:10     | Reached ***** piety under Trog
  7768 | D:10     | Found a staircase to the Orcish Mines.
  7935 | D:10     | Noticed Erica
  7943 | D:10     | Killed Erica
  8005 | D:10     | Found an iron altar of Okawaru.
  8209 | D:10     | Found the +11 Singing Sword {sonic wave}
  8416 | D:11     | Reached skill level 1 in Long Blades
  8635 | D:11     | Noticed Nergalle
  8640 | D:11     | Noticed a spectral orc warlord
  8647 | D:11     | Killed Nergalle
  8657 | D:11     | Reached skill level 2 in Long Blades
  8711 | D:11     | Noticed Snorg
  8722 | D:11     | Killed Snorg
  8723 | D:11     | Reached skill level 3 in Long Blades
  8744 | D:11     | Noticed Harold
  8754 | D:11     | Killed Harold
  8755 | D:11     | Reached skill level 4 in Long Blades
  8817 | D:11     | Found a staircase to the Lair.
  8822 | D:11     | You fall into a shaft and drop 2 floors!
  8825 | D:13     | Noticed a cyan ugly thing
  8830 | D:13     | Killed a cyan ugly thing
  8920 | D:13     | Noticed a centaur warrior
  8920 | D:13     | Noticed a brown ugly thing
  8920 | D:13     | Noticed a centaur warrior
  8925 | D:13     | Killed a centaur warrior
  8926 | D:13     | Reached XP level 12. HP: 107/119 MP: 11/11
  8936 | D:13     | Killed a centaur warrior
  8937 | D:13     | Reached skill level 5 in Long Blades
  9069 | D:13     | Noticed a centaur warrior
  9078 | D:13     | Killed a centaur warrior
  9092 | D:13     | Noticed a centaur warrior
  9097 | D:13     | Killed a centaur warrior
  9154 | D:13     | Reached skill level 6 in Long Blades
  9154 | D:13     | Found a gate to the Vaults.
  9154 | D:13     | Identified the +1 ring mail of Giexetag {rC+++ rCorr Int+3
                  | Stlth-}
  9154 | D:13     | Noticed a tengu warrior
  9154 | D:13     | Noticed a tengu warrior
  9183 | D:13     | Killed a tengu warrior
  9188 | D:13     | Killed a tengu warrior
  9189 | D:13     | Reached skill level 10 in Shapeshifting
  9189 | D:13     | Noticed a catoblepas
  9205 | D:13     | Killed a catoblepas
  9245 | D:13     | Noticed an ironbound preserver
  9256 | D:13     | Killed an ironbound preserver
  9258 | D:13     | Reached skill level 7 in Long Blades
  9366 | D:13     | Noticed a centaur warrior
  9377 | D:13     | Killed a centaur warrior
  9644 | D:13     | Identified the +7 long sword of Fecuuhy {vamp, +Blink MP+9}
  9938 | D:12     | Noticed Maurice
  9950 | D:12     | Something stole a blade talisman
  9951 | D:12     | Something stole 473 gold
  9953 | D:12     | Something stole 18 throwing nets
  9956 | D:12     | Killed Maurice
 10192 | D:12     | Reached skill level 1 in Armour
 10268 | D:12     | Noticed Gastronok
 10291 | D:12     | Killed Gastronok
 10292 | D:12     | Reached skill level 8 in Long Blades
 10292 | D:12     | Reached XP level 13. HP: 116/127 MP: 12/12
 11304 | D:11     | Found a runed translucent door.
 11305 | D:11     | Noticed snadeaben's ghost (journeyman TrFi)
 11330 | D:11     | Killed snadeaben's ghost
 11604 | Lair:1   | Entered Level 1 of the Lair of Beasts
 11901 | Lair:1   | Noticed Sonja
 11913 | Lair:1   | Killed Sonja
 12019 | Lair:1   | Reached skill level 9 in Long Blades
 12234 | Lair:1   | Reached skill level 5 in Armour
 13272 | Lair:2   | Reached skill level 10 in Long Blades
 13953 | Lair:2   | Found a staircase to the Swamp.
 14179 | Lair:3   | Noticed Fannar
 14191 | Lair:3   | Killed Fannar
 14249 | Lair:3   | Reached XP level 14. HP: 130/136 MP: 13/13
 14252 | Lair:3   | Found a runed translucent gate.
 14252 | Lair:3   | Found a runed translucent gate.
 14254 | Lair:3   | Found a runed translucent gate.
 14416 | Lair:3   | Noticed beef's ghost (journeyman MfIE)
 14476 | Lair:3   | Killed beef's ghost
 14740 | Lair:3   | Noticed Nessos
 14746 | Lair:3   | Killed Nessos
 14996 | Lair:3   | Found a hole to the Spider Nest.
 15364 | Lair:4   | Reached ****** piety under Trog
 15516 | Lair:4   | Reached skill level 11 in Long Blades
 16157 | Lair:5   | Entered Level 5 of the Lair of Beasts
 16466 | Lair:5   | Received a gift from Trog
 16469 | Lair:5   | Reached skill level 12 in Long Blades
 16572 | Lair:5   | Reached skill level 10 in Fighting
 16682 | Lair:5   | Reached XP level 15. HP: 59/149 MP: 14/14
 17010 | Lair:5   | Found a viscous altar of Jiyva.
 17011 | Lair:5   | Found a staircase to the Slime Pits.
 17075 | Lair:5   | Found a white marble altar of Elyvilon.
 17639 | Lair:5   | Received a gift from Trog
 17836 | D:11     | Gained mutation: You are agile. (Dex +4, Str/Int -1)
                  | [potion of mutation]
 17836 | D:11     | Gained mutation: You are somewhat resistant to further
                  | mutation. [potion of mutation]
 17837 | D:11     | Lost mutation: You are somewhat resistant to further
                  | mutation. [potion of mutation]
 17837 | D:11     | Lost mutation: You are agile. (Dex +4, Str/Int -1) [potion
                  | of mutation]
 17837 | D:11     | Gained mutation: You sometimes lose your temper in combat.
                  | [potion of mutation]
 17837 | D:11     | Gained mutation: Your magical capacity is low. (-10% MP)
                  | [potion of mutation]
 17837 | D:11     | Gained mutation: Your spells are a little harder to cast,
                  | but a little more powerful. [potion of mutation]
 17946 | Orc:1    | Entered Level 1 of the Orcish Mines
 18185 | Orc:2    | Entered Level 2 of the Orcish Mines
 18185 | Orc:2    | Found a staircase to the Elven Halls.
 18290 | Orc:2    | Noticed Donald
 18313 | Orc:2    | Killed Donald
 18498 | Orc:2    | Reached skill level 13 in Long Blades
 18540 | Orc:2    | HP: 5/229 [orc warlord/+0 halberd (19)]
 18543 | Orc:2    | Annihilated by an orc warlord

Illustrated notes

Levels and vault maps discovered:
D:1:      onia_arrival_zoo_common, layout_basic, minmay_pentomino_w4
D:2:      minmay_spotlight, layout_basic, basic_altar
D:3:      layout_basic, mainiacjoe_overflow_catwalk, overflow_temple_1_default,
          basic_ecumenical_altar, serial_shops, shop, serial_park_tiny_1
D:4:      layout_basic, minmay_temple_entry_trees, serial_glass,
          glass_columns_a, glass_columns_a, wad_orctagon, uniq_edmund
D:5:      layout_basic, pf_just_have_faith
D:6:      layout_gridville, uniq_grinder, uniq_crazy_yiuf_cottage
D:7:      layout_loops_ring, serial_library_regret_index_headful
D:8:      layout_loops_cross, dreamdust_deal_with_the_devil, nzn_life_drinkers
D:9:      layout_basic, mainiacjoe_overflow_alcove_2, serial_park_tiny_2,
          hangedman_abyss_or_decor_stagger
D:10:     old_forge, layout_loops_ring, nicolae_overflow_crystal_walls,
          david_orc_3, enter_bailey_2, uniq_erica
D:11:     layout_layer_cave, david_lair_generic, gammafunk_ghost_grave,
          nicolae_kite_square_tiling_tiny, uniq_harold, uniq_nergalle,
          uniq_snorg
D:12:     layout_roguey, kennysheep_opposing_triangles, uniq_maurice,
          uniq_gastronok
D:13:     layout_basic, skrybe_vaults_entry_preservation
Temple:   sentei_temple_godly_chess
Lair:1:   layout_chaotic_city, minmay_hedge_maze, nicolae_lair_lakeside_cave,
          serial_bayou_shore_b, uniq_sonja
Lair:2:   layout_layer_cave, nicolae_swamp_entry_splash_gauntlet,
          grunt_megastairs_5, lemuel_fruit_fields, lemuel_fruit_tree,
          infiniplex_staircase_pool
Lair:3:   layout_cave_pods, spider_nest_entry_funnel_web, gammafunk_ghost_icy,
          lemuel_fruit_fields, uniq_fannar, uniq_nessos
Lair:4:   layout_long_grid
Lair:5:   minmay_lair_end_enchanted_forest, layout_cellular_growth,
          slime_entry_1, basic_altar, serial_bayou_pond_c, kennysheep_rathole
Orc:1:    layout_diamond_mine, library_closet
Orc:2:    grunt_orc_cross, layout_caves, mines4_lemuel, uniq_urug, uniq_donald

Skill      XL: |  1  2  3  4  5  6  7  8  9 10 11 12 13 14 15 |
---------------+----------------------------------------------+-----
Fighting       | 3 4 5 6 7 8 10 11 | 11.2
Unarmed Combat | 4 5 6 7 8 10 11 12 | 12.1
Shapeshifting  | 3 5 8 11 | 11.0
Dodging        | 4 6 |  6.1
Long Blades    | 4 8 10 12 13 | 13.1
Armour         | 1 6 7 |  7.2

Action                     |  1- 3 |  4- 6 |  7- 9 | 10-12 | 13-15 || total
---------------------------+-------+-------+-------+-------+-------++-------
  Melee: Unarmed           |    87 |   118 |   198 |   270 |       ||   673
         Punch             |     1 |     1 |     7 |    27 |    58 ||    94
         Maw               |       |       |       |     1 |     1 ||     2
         Double sword      |       |       |       |   221 |   866 ||  1087
 Invoke: Trog's Hand       |       |     1 |     4 |     8 |    32 ||    45
         Berserk           |       |       |     4 |     4 |    11 ||    19
         Brothers in Arms  |       |       |       |       |     1 ||     1
  Evoke: Wand              |       |       |       |     4 |     9 ||    13
    Use: Scroll            |     3 |     4 |     2 |    14 |     5 ||    28
         Potion            |       |       |       |     2 |     3 ||     5
   Stab: Distracted        |       |       |       |       |     1 ||     1
 Armour: Animal skin       |    44 |    69 |   177 |    58 |       ||   348
         Troll leather arm |       |       |       |   366 |   994 ||  1360
         Skin              |       |       |       |     2 |    24 ||    26
  Dodge: Dodged            |    44 |    42 |    89 |   263 |   505 ||   943
  Block: Other             |       |       |       |    59 |   171 ||   230
         Reflection        |       |       |       |     4 |     7 ||    11
         Kite shield       |       |       |       |       |    67 ||    67
   Form: Blade             |       |       |       |     2 |       ||     2
                           |       |       |       |     2 |     1 ||     3
         Maw               |       |       |       |     1 |     1 ||     2
